 Dungeon Crawl Stone Soup version 0.29.1-1-gd02db6906a (webtiles) character file.

Game seed: 6200808202382602738

61026 LabCoat the Severer (level 15, 0/134 HPs)
             Began as a Hill Orc Fighter on Oct 1, 2022.
             Was a High Priest of Trog.
             Killed from afar by Azrael (10 damage)
             ... with a fireball
             ... on level 11 of the Dungeon.
             The game lasted 01:02:35 (22762 turns).

LabCoat the Severer (Hill Orc Fighter)             Turns: 22762, Time: 01:02:36

Health: 0/134      AC: 24    Str: 32    XL:     15   Next: 1%
Magic:  5/5        EV: 11    Int:  8    God:    Trog [*****.]
Gold:   1560       SH:  5    Dex: 10    Spells: 14/14 levels left

rFire   . . .      SeeInvis +   B - +5 battleaxe (antimagic)
rCold   . . .      Faith    .   (shield currently unavailable)
rNeg    . . .      Spirit   .   J - +0 plate armour
rPois   +          Reflect  +   r - +1 helmet
rElec   .          Harm     .   l - +1 cloak
rCorr   .          Rampage  .   i - +0 pair of gloves
Will    +....                   d - +1 pair of boots
Stlth   ..........              j - amulet of reflection
HPRegen 0.32/turn               S - ring of poison resistance
MPRegen 0.09/turn               P - ring of Ypioduec {Fly Str+5 Slay+3 SInv}

@: mighty, on berserk cooldown, flying, hasted, very quick
A: no striking features
a: Renounce Religion, Berserk, Trog's Hand, Brothers in Arms


You were on level 11 of the Dungeon.
You worshipped Trog.
Trog was extremely pleased with you.
You visited 3 branches of the dungeon, and saw 18 of its levels.

You collected 1560 gold pieces.

Inventory:

Hand Weapons
 m - a +3 flail
 B - a +5 antimagic battleaxe (weapon)
 H - a +4 war axe of freezing
 M - a +0 morningstar of flaming
Missiles
 a - 3 javelins
 o - a throwing net
 q - a curare-tipped dart
 s - 11 boomerangs (quivered)
 C - 47 poisoned darts
Armour
 c - a +0 buckler
 d - a +1 pair of boots (worn)
 i - a +0 pair of gloves (worn)
 l - a +1 cloak (worn)
 r - a +1 helmet (worn)
 A - a scarf of repulsion
 I - a scarf of resistance
 J - a +0 plate armour (worn)
Jewellery
 j - an amulet of reflection (around neck)
 w - an amulet of regeneration
 P - the ring of Ypioduec (right hand) {Fly Str+5 Slay+3 SInv}
   (You found it on level 5 of the Lair of Beasts)

   [ring of see invisible]

   Str:       It affects your strength (+5).
   Slay:      It affects your accuracy & damage with ranged weapons and melee
   (+3).
   SInv:      It lets you see invisible.
   Fly:       It grants you flight.
 Q - a ring of flight
 R - an amulet of guardian spirit
 S - a ring of poison resistance (left hand)
Wands
 b - a wand of digging (4)
 t - a wand of paralysis (13)
 u - a wand of flame (28)
 O - a wand of polymorph (16)
 W - a wand of iceblast (3)
Scrolls
 e - 9 scrolls of teleportation
 g - 2 scrolls of brand weapon
 k - 2 scrolls of blinking
 x - a scroll of magic mapping
 y - a scroll of butterflies
 E - a scroll of enchant armour
 F - 3 scrolls of fear
 K - a scroll of noise {unknown}
 U - a scroll of poison {unknown}
Potions
 f - a potion of resistance
 h - 8 potions of curing
 n - 3 potions of flight
 p - 2 potions of haste
 v - 3 potions of lignification
 z - 3 potions of might
 D - a potion of ambrosia
 L - 5 potions of cancellation
 T - 2 potions of magic
Miscellaneous
 G - a tin of tremorstones (inert)
 V - a lightning rod (4/4)


   Skills:
 + Level 12.4 Fighting
 * Level 18.1 Axes
 + Level 9.3 Throwing
 + Level 11.4 Armour
 + Level 8.4 Dodging
 - Level 3.2 Shields
 + Level 10.0 Evocations


You had 14 spell levels left.
You didn't know any spells.
Your spell library contained the following spells:

 Spells                   Type           Power      Damage    Failure   Level
 Freeze                   Ice            0%         1d3       95%         1
 Magic Dart               Conj           0%         1d3       95%         1
 Searing Ray              Conj           0%         2d4       98%         2
 Sublimation of Blood     Necr           0%         N/A       98%         2
 Wereblood                Tmut           0%         N/A       98%         2
 Frozen Ramparts          Ice            0%         1d1       100%        3
 Stone Arrow              Conj/Erth      0%         3d7       100%        3
 Animate Armour           Summ/Erth      0%         N/A       100%        4
 Fulminant Prism          Conj/Hex       0%         3d6       100%        4
 Hailstorm                Conj/Ice       0%         3d3       100%        4
 Petrify                  Tmut/Erth      0%         N/A       100%        4
 Irradiate                Conj/Tmut      0%         3d11      100%        5
 Summon Hydra             Summ           0%         N/A       100%        7
 Lehudib's Crystal Spear  Conj/Erth      0%         10d2      100%        8


Dungeon Overview and Level Annotations

Branches:
Dungeon (12/15)            Temple (1/1) D:7            Lair (5/5) D:10
  Swamp (0/4) Lair:2        Snake (0/4) Lair:3        Slime (0/5) Lair:5
    Orc: D:9-12

Altars:
Ashenzari
Cheibriados
Dithmenos
Elyvilon
Fedhas
Gozag
Hepliaklqana
Kikubaaqudgha
Makhleb
Nemelex Xobeh
Okawaru
Qazlal
Ru
Sif Muna
Trog
Uskayaw
Vehumet
Wu Jian
Xom
Yredelemnul
Zin
The Shining One

Shops:
D:9 *

Annotations:
D:7 2 runed translucent doors
D:11 Azrael
D:12 Urug


Message History

You are exhausted.
You feel yourself slow down.
You feel better.
The skeletal warrior hits you but does no damage.
A hell hound comes into view.
The skeletal warrior misses you.
Blink to where?
Press: ? - help, Dir - move target
As you read the scroll of blinking, it crumbles to dust.
You feel yourself speed up.
A centaur comes into view.
The centaur shouts!
The centaur wields a +0 shortbow.
The centaur shoots an arrow.
The arrow hits you but does no damage.
The centaur shoots an arrow.
You reflect the arrow off an invisible shield around you!
The arrow closely misses the centaur.
You slice the centaur!!
The centaur is almost dead.
The centaur unwields a +0 shortbow.
You block the centaur's attack. x2
You open the centaur like a pillowcase!!!
You kill the centaur!
Trog accepts your kill.
Found a stone staircase leading up.
The skeletal warrior hits you from afar with a +0 vorpal trident!
* * * LOW HITPOINT WARNING * * *
x2 Azrael hits you but does no damage.
The hell hound closely misses you.
Okay, then.
Blink to where?
Press: ? - help, Dir - move target
As you read the scroll of blinking, it crumbles to dust.
Azrael hits you but does no damage.
You fly upwards.
There is a stone staircase leading down here.
You are too injured to fight recklessly!
You feel better.
You feel yourself speed up. Azrael gestures at you.
The fireball explodes!
The fireball engulfs you!
You die...

.# #.# #.........# #. .# #.#
#.###########. .# #.# #.# #.. .#
#.# #.# #.. .# #.# #.# #..
.####### #.# #.# #.. .......#
#.#########.# #.. ######)#
#.........#.##########.# #.#
#######@..........##.... #.#
#.R...<...........[ #.#
#..#.#######..#.... #.# #..#.#
#..#.... #)# #..#.#######..#....
#.# #..#.##............
######.########..#.##.#####.###.#
........(........#.##.## #.###.#
###############.#..##..####.##..#


You could see Azrael.

Vanquished Creatures
  3 slime creatures (D:12)
  A fire dragon (Lair:5)
  An ice dragon (D:11)
  3 boulder beetles
  5 hydras
  2 catoblepae
  4 two-headed ogres
  7 death yaks (Lair:5)
  2 skeletal warriors (D:12)
  A swamp dragon (Lair:5)
  A lindwurm (Lair:5)
  A necromancer (Lair:3)
  A cyclops (D:11)
  18 elephants
  An ugly thing (D:10)
  11 black mambas
  2 torpor snails
  10 cane toads
  4 ice statues (D:11)
  5 rime drakes
  7 komodo dragons
  Psyche (D:9)
  An unseen horror (D:12)
  2 trolls (D:11)
  A polar bear (Lair:4)
  A tyrant leech (Lair:2)
  4 blink frogs (Lair:3)
  12 dream sheep
  A spriggan (Lair:4)
  8 wyverns
  2 wraiths
  A vampire (D:12)
  A fire elemental (D:12)
  48 yaks
  4 humans (D:6)
  2 steam dragons (Lair:5)
  9 basilisks
  A swamp worm (Lair:2)
  An acid dragon (Lair:5)
  16 water moccasins
  3 hell hounds (D:12)
  2 orc warriors
  7 black bears
  A swamp drake (Lair:5)
  16 ice beasts
  2 sky beasts (D:8)
  An elephant zombie (Lair:3)
  2 ogres
  16 wolves
  8 centaurs
  3 phantoms
  8 kobold brigands
  A komodo dragon zombie (Lair:3)
  4 scorpions
  2 necrophages (D:5)
  9 bullfrogs
  7 wights
  3 killer bees (D:10)
  An electric eel (Lair:3)
  5 howler monkeys
  3 jellies
  A basilisk zombie (Lair:3)
  2 hounds
  Crazy Yiuf (D:4)
  5 orc priests
  Jessica (D:3)
  7 iguanas
  15 orc wizards
  Robin (D:2)
  18 gnolls
  7 adders
  A shadow imp (D:6)
  3 white imps
  3 ufetubi
  5 worms
  4 dart slugs
  60 orcs
  7 bats
  3 endoplasms
  3 giant cockroaches
  11 goblins
  6 hobgoblins
  A jackal (D:5)
  4 quokkas
  5 ball pythons
  3 frilled lizards
  17 kobolds
  8 rats
512 creatures vanquished.

Vanquished Creatures (others)
  A dream sheep (Lair:5)
  A hell hound (D:12)
  An ogre (D:4)
  An iguana (Lair:5)
  A hobgoblin (D:4)
  2 quokkas (D:4)
  42 fungi
  66 plants
115 creatures vanquished.

Grand Total: 627 creatures vanquished

Notes
Turn   | Place    | Note
-------+----------+-------------------------------------------
     0 | D:1      | LabCoat the Hill Orc Fighter began the quest for the Orb.
     0 | D:1      | Reached XP level 1. HP: 19/19 MP: 1/1
   134 | D:1      | Reached skill level 3 in Axes
   239 | D:1      | Reached XP level 2. HP: 27/27 MP: 2/2
   757 | D:2      | Found a faded altar of an unknown god.
   862 | D:2      | Reached XP level 3. HP: 32/33 MP: 3/3
  1094 | D:2      | Noticed Robin
  1105 | D:2      | Killed Robin
  1339 | D:2      | Reached skill level 1 in Evocations
  1339 | D:2      | Reached XP level 4. HP: 40/40 MP: 4/4
  1639 | D:3      | Found a stormy altar of Qazlal.
  1743 | D:3      | Reached skill level 4 in Axes
  1743 | D:3      | Reached skill level 1 in Throwing
  1743 | D:3      | Reached skill level 1 in Dodging
  2035 | D:3      | Reached XP level 5. HP: 42/46 MP: 5/5
  2090 | D:3      | Found a shadowy altar of Dithmenos.
  2132 | D:3      | Found an opulent altar of Gozag.
  2134 | D:3      | Found a snail-covered altar of Cheibriados.
  2134 | D:3      | Found a basalt altar of Yredelemnul.
  2513 | D:3      | Noticed Jessica
  2522 | D:3      | Killed Jessica
  2864 | D:4      | Found a glowing silver altar of Zin.
  2954 | D:4      | Noticed an ogre
  2955 | D:4      | Found a shimmering altar of Xom.
  2970 | D:4      | Killed an ogre
  3116 | D:4      | Reached skill level 5 in Axes
  3116 | D:4      | Reached XP level 6. HP: 32/53 MP: 6/6
  3876 | D:4      | Reached XP level 7. HP: 60/60 MP: 7/7
  4030 | D:4      | Found a runed translucent door.
  4031 | D:4      | Noticed Crazy Yiuf
  4038 | D:4      | Killed Crazy Yiuf
  4231 | D:5      | Entered Level 5 of the Dungeon
  4236 | D:5      | Reached skill level 6 in Axes
  4332 | D:5      | Reached skill level 5 in Fighting
  4808 | D:5      | Noticed a two-headed ogre
  4821 | D:5      | Killed a two-headed ogre
  4822 | D:5      | Reached skill level 7 in Axes
  4822 | D:5      | Reached skill level 5 in Armour
  4822 | D:5      | Reached XP level 8. HP: 24/70 MP: 8/8
  5120 | D:5      | Reached skill level 8 in Axes
  5840 | D:5      | Reached XP level 9. HP: 47/75 MP: 9/9
  6310 | D:6      | Reached skill level 9 in Axes
  7331 | D:7      | Found a staircase to the Ecumenical Temple.
  7340 | Temple   | Entered the Ecumenical Temple
  7359 | Temple   | Became a worshipper of Trog the Wrathful
  7722 | D:7      | Reached skill level 10 in Axes
  7751 | D:7      | Reached XP level 10. HP: 85/86 MP: 10/10
  7759 | D:7      | Identified the +1 ring mail of Moral Flaws {rCorr Str+4
                  | Int+4}
  7814 | D:7      | Found an ornate altar of the Wu Jian Council.
  7873 | D:7      | Reached skill level 5 in Evocations
  8001 | D:7      | Found a runed translucent door.
  8003 | D:7      | Found a runed translucent door.
  8628 | D:8      | Reached * piety under Trog
  9127 | D:8      | Found a broken altar of Ashenzari.
  9458 | D:8      | Identified the +1 cloak of Insatiable Hunger {rF+}
  9673 | D:8      | Reached skill level 11 in Axes
  9682 | D:8      | Reached ** piety under Trog
  9683 | D:8      | Reached skill level 5 in Throwing
  9783 | D:8      | Noticed a three-headed hydra
  9796 | D:8      | Killed a three-headed hydra
 10042 | D:8      | Identified the +2 leather armour of Pandemonium {*Slow Fly
                  | Str+3 Dex+4}
 10092 | D:9      | Reached skill level 5 in Dodging
 10285 | D:9      | Identified the +0 leather armour of Prudence {rPois rN+
                  | Str+6}
 10363 | D:9      | Reached XP level 11. HP: 84/94 MP: 11/11
 10566 | D:9      | Reached skill level 12 in Axes
 10752 | D:9      | Found Carghisom's Serpentskin Sales.
 10908 | D:9      | Noticed Psyche
 10911 | D:9      | Killed Psyche
 10952 | D:10     | Entered Level 10 of the Dungeon
 11334 | D:10     | Identified the +7 scale mail "Reoh" {rC+ Regen+}
 11677 | D:10     | Found a staircase to the Lair.
 11678 | D:10     | Noticed a cyan ugly thing
 11690 | D:10     | Killed a cyan ugly thing
 12113 | Lair:1   | Entered Level 1 of the Lair of Beasts
 12419 | Lair:1   | Noticed a catoblepas
 12448 | Lair:1   | Killed a catoblepas
 12722 | Lair:1   | Reached *** piety under Trog
 13073 | Lair:1   | Reached skill level 13 in Axes
 13427 | Lair:1   | Noticed a boulder beetle
 13437 | Lair:1   | Killed a boulder beetle
 13590 | Lair:2   | Found a snail-covered altar of Cheibriados.
 13882 | Lair:2   | Reached XP level 12. HP: 94/104 MP: 12/12
 13883 | Lair:2   | Noticed a six-headed hydra
 14149 | Lair:2   | Found a staircase to the Swamp.
 14370 | Lair:2   | Killed an eight-headed hydra
 14381 | Lair:2   | Reached skill level 14 in Axes
 15475 | Lair:3   | Reached skill level 10 in Fighting
 15637 | Lair:3   | Found a staircase to the Snake Pit.
 15686 | Lair:3   | Noticed a boulder beetle
 15693 | Lair:3   | Killed a boulder beetle
 15896 | Lair:3   | Reached skill level 15 in Axes
 16045 | Lair:3   | Reached **** piety under Trog
 16062 | Lair:3   | Reached XP level 13. HP: 87/114 MP: 13/13
 17527 | Lair:4   | Reached ***** piety under Trog
 17842 | Lair:4   | Reached skill level 10 in Armour
 18249 | Lair:5   | Entered Level 5 of the Lair of Beasts
 18267 | Lair:5   | Reached skill level 16 in Axes
 18957 | Lair:5   | Found a staircase to the Slime Pits.
 19037 | Lair:5   | Reached XP level 14. HP: 104/124 MP: 14/14
 19835 | Lair:5   | Reached skill level 17 in Axes
 20322 | Lair:5   | Received a gift from Trog
 20630 | Lair:5   | Identified the ring of Ypioduec {Fly Str+5 Slay+3 SInv}
 22139 | D:11     | Identified the +5 hand axe of Disaster {spect, rElec rPois
                  | rC+ Stlth-}
 22705 | D:12     | Noticed Urug
 22710 | D:12     | Reached skill level 18 in Axes
 22727 | D:12     | Received a gift from Trog
 22734 | D:12     | Noticed Azrael
 22736 | D:12     | HP: 2/190 [skeletal warrior/+0 vorpal trident (9)]
 22737 | D:12     | Reached skill level 10 in Evocations
 22737 | D:12     | Reached XP level 15. HP: 1/134 MP: 5/15
 22757 | D:12     | HP: 6/134 [skeletal warrior/+0 vorpal trident (11)]
 22762 | D:11     | Killed from afar by Azrael

Illustrated notes

Levels and vault maps discovered:
D:1:      amcnicky_arrival_flooded_fountain, layout_basic
D:2:      layout_loops_ring, basic_ecumenical_altar, uniq_robin
D:3:      layout_loops_ring, lemuel_crystal_altar, grunt_temple_overflow_open,
          st_stairs_1, minmay_three_crescents, uniq_jessica
D:4:      layout_loops_corners, zin_academy, xom_confusion_cloud,
          uniq_crazy_yiuf_cottage
D:5:      kb_forest_paths, layout_loops_ring, minmay_fractal_squares_gapless_5
D:6:      layout_loops_ring, minmay_ruffians
D:7:      lemuel_insect_pit, layout_cave_pools, nicolae_wu_jian_wuxing_cycle,
          minmay_temple_entry_junction, hangedman_glass_teeth,
          chequers_mini_garden
D:8:      layout_loops_corners, lemuel_tele_altar, hangedman_ranch
D:9:      layout_rooms, guppyfry_shop_venom, uniq_psyche
D:10:     layout_irregular_city, dpeg_oklobed_lair
D:11:     minmay_ice_pillars, layout_loops_ring,
          nicolae_concentric_dashed_squares_mild, kennysheep_generic_room_8
D:12:     layout_basic, david_orc_3, uniq_azrael, uniq_urug
Temple:   compressed_dpeg_triangle_lava_temple
Lair:1:   layout_gridlike, grunt_megastairs_2
Lair:2:   layout_regular_city, minmay_swamp_entry_worms, basic_altar,
          serial_rivers, chequers_serial_rivers_small_b,
          chequers_serial_rivers_micro_c, chequers_serial_rivers_small_b,
          chequers_serial_rivers_micro_a, grunt_megastairs_5,
          infiniplex_staircase_pool
Lair:3:   pond_and_an_island_with_a_cottage, layout_regular_city,
          minmay_snake_entry_six_corridors, beast_lair_carwin_1
Lair:4:   layout_gridlike, serial_forest, infiniplex_forest_clump_medium,
          infiniplex_forest_straight_2, infiniplex_forest_straight_2,
          infiniplex_forest_end_3, infiniplex_forest_clump_small,
          infiniplex_forest_end_1, infiniplex_forest_split, forest_entry_grove
Lair:5:   guppyfry_lair_end_dragon, layout_regular_city,
          hangedman_lair_in_review, dpeg_slime_entry_corner, st_stairs_5

Skill      XL: |  1  2  3  4  5  6  7  8  9 10 11 12 13 14 |
---------------+-------------------------------------------+-----
Axes           | 3 4 5 7 8 10 11 13 15 16 18 | 18.1
Fighting       | 4 5 6 7 8 9 10 11 12 | 12.4
Evocations     | 1 2 3 4 6 7 8 9 10 | 10.0
Throwing       | 1 2 3 4 5 6 7 8 9 |  9.3
Dodging        | 1 3 4 5 6 7 8 |  8.4
Armour         | 4 5 6 7 8 9 10 11 | 11.4
Shields        | |  3.2

Action                   |  1- 3 |  4- 6 |  7- 9 | 10-12 | 13-15 || total
-------------------------+-------+-------+-------+-------+-------++-------
Melee: War axe           |    76 |   195 |   301 |   514 |   400 ||  1486
       Flail             |       |       |       |    16 |       ||    16
       Morningstar       |       |       |       |     4 |    20 ||    24
       Battleaxe         |       |       |       |       |   203 ||   203
Throw: Boomerang         |       |     3 |    21 |    51 |    29 ||   104
       Throwing net      |       |       |     1 |       |       ||     1
Invok: Trog's Hand       |       |       |       |     5 |     6 ||    11
       Berserk           |       |       |       |     2 |     2 ||     4
Evoke: Wand              |       |       |       |    20 |    15 ||    35
       Lightning rod     |       |       |       |       |    10 ||    10
       Tin of tremorston |       |       |       |       |     2 ||     2
  Use: Potion            |     1 |     1 |     2 |     2 |    13 ||    19
       Scroll            |       |     7 |     4 |    13 |    14 ||    38
 Stab: Paralysed         |       |       |       |     7 |     6 ||    13
Armor: Scale mail        |    31 |    21 |       |       |       ||    52
       Chain mail        |       |    81 |   130 |    31 |       ||   242
       Plate armour      |       |       |       |   235 |   376 ||   611
Dodge: Dodged            |    34 |    61 |    73 |   138 |   219 ||   525
Block: Buckler           |    36 |    91 |   113 |   229 |   176 ||   645
       Reflection        |       |     1 |     4 |    14 |     6 ||    25
       Other             |       |       |       |       |    45 ||    45
